 Dungeon Crawl Stone Soup version 0.22-a0-439-gac93bac (webtiles) character file.

93223 Gorice the Fencer (level 15, -4/120 HPs)
             Began as a Demonspawn Wanderer on May 28, 2018.
             Was the Champion of Okawaru.
             Slain by a stone giant (24 damage)
             ... on level 14 of the Dungeon on May 29, 2018.
             The game lasted 02:14:38 (32592 turns).

Gorice the Fencer (Demonspawn Wanderer)            Turns: 32592, Time: 02:14:39

Health: -4/120     AC: 27    Str: 20    XL:     15   Next: 60%
Magic:  0/21       EV:  7    Int: 14    God:    Okawaru [******]
Gold:   2164       SH:  0    Dex: 14    Spells: 14/14 levels left

rFire    x . .     SeeInvis +   a - +1 great sword (elec)
rCold    + . .     Gourm    .   (shield currently unavailable)
rNeg     . . .     Faith    .   y - +0 plate armour
rPois    .         Spirit   +   (helmet unavailable)
rElec    .         Reflect  .   n - +1 cloak
rCorr    .         Harm     .   K - +2 pair of gloves {Dex+3}
MR       +....                  A - +1 pair of boots {Fly}
Stlth    ..........             J - amulet of guardian spirit
HPRegen  0.30/turn              P - +3 ring of protection
MPRegen  0.17/turn              c - ring of ice

@: no status effects
A: antennae 3, nightstalker 3, spiny 3
a: Heroism, Finesse, Renounce Religion, Evoke Flight


You were on level 14 of the Dungeon.
You worshipped Okawaru.
Okawaru was exalted by your worship.
You were not hungry.

You visited 4 branches of the dungeon, and saw 24 of its levels.
You also visited: Labyrinth and Sewer.

You collected 2570 gold pieces.
You spent 406 gold pieces at shops.

Inventory:

Hand Weapons
 a - a +1 great sword of electrocution (weapon)
   (You found it on level 5 of the Dungeon)
 b - a +4 scimitar of flaming
   (You took it off an efreet on level 14 of the Dungeon)
 h - the cursed +1 falchion of the Original Sin {protect, rC+ Int+4, unknown}
   (You found it on level 15 of the Dungeon)

   It protects the one who uses it against injury (+AC on strike).
   It affects your intelligence (+4).
   It protects you from cold.
   It has a curse placed upon it.
 u - a +1 lajatang of speed
   (Okawaru gifted it to you on level 15 of the Dungeon)
Missiles
 W - 16 javelins (quivered)
 Y - 429 stones
 Z - 2 throwing nets
Armour
 n - a +1 cloak (worn)
 s - a +0 pair of gloves of strength
   (Okawaru gifted it to you on level 3 of the Lair of Beasts)
 y - a +0 plate armour (worn)
 A - a +1 pair of boots of flying (worn)
   (Okawaru gifted it to you on level 6 of the Lair of Beasts)
 K - a +2 pair of gloves of dexterity (worn)
   (Okawaru gifted it to you on level 13 of the Dungeon)
Jewellery
 c - a ring of ice (right hand)
 e - the ring of Kiunnaus {rElec Int+3}
   (You found it in a labyrinth)

   [ring of intelligence]

   It affects your intelligence (+3).
   It insulates you from electricity.
 f - an uncursed ring of protection from fire
 p - an uncursed ring of poison resistance
 E - an uncursed ring of positive energy
 J - an amulet of guardian spirit (around neck)
 P - a +3 ring of protection (left hand)
 S - an uncursed ring of wizardry
Wands
 k - a wand of acid (7)
 m - a wand of iceblast (24)
 C - a wand of flame (87)
 F - a wand of clouds (5)
 M - a wand of digging (17)
 R - a wand of paralysis (21)
 T - a wand of enslavement (11)
Scrolls
 o - 10 scrolls of fear {!r}
 w - 17 scrolls of teleportation {!r}
 z - a scroll of fog
 B - a scroll of magic mapping {!r}
 D - 14 scrolls of remove curse
Potions
 g - a potion of haste {!q}
 i - a potion of berserk rage
 l - a potion of ambrosia {unknown}
 r - 5 potions of magic {!q}
 t - 2 potions of invisibility {!q}
 H - 3 potions of agility {!q}
 N - 11 potions of curing
 O - 2 potions of might {unknown}
Comestibles
 d - 47 rations
 j - 9 chunks of flesh


   Skills:
 + Level 11.9 Fighting
   Level 2.6(12.6) Short Blades
 + Level 18.3(18.4) Long Blades
 - Level 1.7 Staves
 - Level 12.0 Armour
 - Level 1.7 Dodging
 - Level 1.0 Stealth
 - Level 8.0 Invocations
 - Level 1.0 Evocations


You had 14 spell levels left.
You didn't know any spells.
Your spell library contained the following spells:

 Spells                   Type           Power        Failure   Level  Hunger
 Fireball                 Conj/Fire      #.........   100%        5    ######.
 Apportation              Tloc           #.....       99%         1    ##.....
 Conjure Flame            Conj/Fire      #.......     100%        3    ####...
 Lightning Bolt           Conj/Air       #.........   100%        5    ######.
 Confuse                  Hex            #.......     100%        3    ####...
 Throw Flame              Conj/Fire      #.....       99%         2    ###....
 Mephitic Cloud           Conj/Pois/Air  #.......     100%        3    ####...
 Venom Bolt               Conj/Pois      #.........   100%        5    ######.
 Olgreb's Toxic Radiance  Pois           #.......     100%        4    #####..
 Summon Small Mammal      Summ           #...         99%         1    ##.....
 Animate Skeleton         Necr           N/A          99%         1    ##.....
 Vampiric Draining        Necr           #.........   100%        3    ####...
 Sticky Flame             Conj/Fire      #.......     100%        4    #####..
 Summon Ice Beast         Ice/Summ       #.......     100%        4    #####..
 Call Imp                 Summ           #.......     99%         2    ###....
 Dispel Undead            Necr           #.......     100%        5    ######.
 Sting                    Conj/Pois      #...         99%         1    ##.....
 Tukima's Dance           Hex            #.......     100%        3    ####...
 Corpse Rot               Necr           N/A          99%         2    ###....
 Shock                    Conj/Air       #...         99%         1    ##.....
 Swiftness                Chrm/Air       #.......     99%         2    ###....
 Death Channel            Necr           #.........   100%        6    #######
 Airstrike                Air            #.........   100%        4    #####..
 Confusing Touch          Hex            #.....       99%         1    ##.....
 Flame Tongue             Conj/Fire      #....        99%         1    ##.....
 Call Canine Familiar     Summ           #.......     100%        3    ####...
 Ensorcelled Hibernation  Hex/Ice        #.....       99%         2    ###....
 Metabolic Englaciation   Hex/Ice        #.........   100%        5    ######.
 Static Discharge         Conj/Air       #.......     100%        3    ####...
 Corona                   Hex            #......      99%         1    ##.....
 Petrify                  Tmut/Erth      #.......     100%        4    #####..
 Shroud of Golubria       Chrm/Tloc      #.........   99%         2    ###....
 Inner Flame              Hex/Fire       #.......     100%        3    ####...
 Dazzling Spray           Conj/Hex       #.....       100%        3    ####...
 Summon Lightning Spire   Summ/Air       #.......     100%        4    #####..
 Summon Guardian Golem    Hex/Summ       #.......     100%        3    ####...
 Gell's Gravitas          Tloc           #.........   100%        3    ####...
 Yara's Violent Unravell  Hex/Tmut       #.........   100%        5    ######.
 Poisonous Vapours        Pois/Air       #.....       99%         2    ###....
 Borgnjor's Vile Clutch   Necr/Erth      #.........   100%        5    ######.


Dungeon Overview and Level Annotations

Branches:
Dungeon (15/15)            Temple (1/1) D:6            Lair (6/6) D:10
 Shoals (0/4) Lair:4        Snake (0/4) Lair:4        Slime (0/5) Lair:6
    Orc (2/2) D:10            Elf (0/3) Orc:2        Vaults (0/5) D:13
 Depths: D:15

Altars:
Ashenzari
Cheibriados
Dithmenos
Elyvilon
Fedhas
Gozag
Hepliaklqana
Kikubaaqudgha
Makhleb
Nemelex Xobeh
Okawaru
Qazlal
Ru
Sif Muna
Trog
Uskayaw
Vehumet
Wu Jian
Xom
Yredelemnul
Zin
The Shining One
Beogh

Shops:
D:14 (   Orc:1 [   Orc:2 *=:[*

Annotations:
D:9 1 transporter


Innate Abilities, Weirdness & Mutations

You have a pair of large antennae on your head. (SInv)
You are completely attuned to the shadows.
You are completely covered in sharp spines.


Message History

The freezing wraith hits you.
* * * LOW HITPOINT WARNING * * *
The freezing wraith freezes you. You resist.
* * * LOW HITPOINT WARNING * * *
The freezing wraith hits you but does no damage.
Damage: 5 (max 25) Unknown command.
Okay, then.
Okay, then.
Really quaff
q - a potion of heal wounds {!q}?
You feel much better.
You don't have enough magic at the moment.
You don't have enough magic at the moment.
You slash the stone giant!
Lightning courses through the stone giant!
The stone giant is moderately wounded.
You hit the stone giant but do no damage.
The stone giant is moderately wounded.
The freezing wraith is struck by your spines.
The freezing wraith hits you but does no damage.
The freezing wraith hits you.
* * * LOW HITPOINT WARNING * * *
The freezing wraith drains your vigour!
You feel yourself slow down.
Damage: 5 (max 25)
The stone giant throws a large rock.
The large rock hits you!
* * * LOW HITPOINT WARNING * * *
You see here a large rock.
Damage: 11 (max 25)
The centaur warrior simulacrum is struck by your spines.
The centaur warrior simulacrum hits you but does no damage.
The stone giant hits you!
* * * LOW HITPOINT WARNING * * *
The centaur warrior simulacrum hits you but does no damage.
There is a stone staircase leading up here.
Damage: 9 (max 25) Unknown command.
The centaur warrior simulacrum hits you but does no damage.
The freezing wraith barely misses you.
The freezing wraith hits you but does no damage.
The stone giant hits you.
* * * LOW HITPOINT WARNING * * *
The centaur warrior simulacrum is struck by your spines.
The centaur warrior simulacrum barely misses you.
You climb upwards.
You feel yourself speed up.
There is a stone staircase leading down here.
Damage: 5 (max 25) Unknown command.
The stone giant hits you!!
You die...

##### #...# ####### #...######
####.....######........#########
##...................>...........
#.....#.#.#.#[##.#......#########
#.......#......#.#......#
#..^..#.#.#....#.#......#######
##.............#@#......##....###
...####[#.......WC.......'....'..
##.# #..[......#.#.....###....###
### #..#........#.##..###....###
#..#.########.##............
######..#.[..((<(..###.###.......
........#....(###### #...........
#######.#.....# #⌠.⌠#.###...
....###.#.....# #.∩.#.#.....


You could see a stone giant and a freezing wraith.

Vanquished Creatures
  A stone giant (Orc:1)
  Nessos (Lair:5)
  A minotaur (Lab)
  Josephine (D:15)
  Fannar (D:11)
  Erolcha (Orc:1)
  8 hydras
  An ice dragon (Lair:6)
  The ghost of iamserjio the Cleaver, a journeyman VSBe of Trog (Orc:1)
  7 vault guards (D:13)
  3 centaur warriors
  A death knight (D:13)
  3 two-headed ogres
  4 death yaks
  3 tengu warriors
  Urug (D:15)
  4 unseen horrors
  A wizard (D:14)
  2 lindwurms (Lair:6)
  3 deep elf magi
  2 phantasmal warriors
  The ghost of Mgcat the Cleaver, a novice HOBe of Trog (D:8)
  An oklob plant (Lair:3)
  3 orc knights (Orc:2)
  A wolf spider (Lair:6)
  8 ugly things
  6 cyclopes
  An orc sorcerer (Orc:1)
  A manticore (D:15)
  4 centaur zombies
  8 black mambas
  4 elephants (Lair:5)
  A gargoyle (D:13)
  A guardian serpent (Lair:6)
  5 torpor snails (Lair:6)
  4 molten gargoyles (D:12)
  15 spiny frogs
  An efreet (D:14)
  2 rime drakes
  8 komodo dragons
  3 freezing wraiths
  A meliai (shapeshifter) (D:15)
  3 trolls
  3 tyrant leeches (Lair:6)
  2 tengu conjurers
  4 polar bears
  10 hornets
  3 slime creatures (D:12)
  5 blink frogs
  4 dream sheep (Lair:4)
  A raiju (shapeshifter) (D:15)
  6 hippogriffs
  A centaur simulacrum (D:14)
  3 redbacks (Lair:6)
  6 wraiths
  A vampire (D:14)
  41 yaks
  9 wyverns
  5 basilisks
  2 hungry ghosts (D:10)
  8 vampire mosquitoes
  5 wargs
  2 nagas (Lair:4)
  An acid dragon (D:11)
  24 water moccasins
  Duvessa (D:7)
  6 porcupines
  29 orc warriors
  Purgy (Sewer)
  A sky beast (D:13)
  5 ice beasts
  2 black bears
  A hornet zombie (D:12)
  2 necrophages
  6 phantoms
  The ghost of Klosterheim the Grasshopper, an amateur NaWr (D:3)
  6 ogres
  An eye of draining (D:13)
  31 centaurs
  12 crocodiles
  A big kobold (D:12)
  14 bullfrogs
  A wyvern zombie (D:12)
  Dowan (D:7)
  A water moccasin zombie (D:5)
  A wyvern skeleton (D:11)
  4 scorpions
  4 killer bees (D:9)
  14 wights
  3 howler monkeys
  A lava snake (D:12)
  3 crimson imps
  2 bullfrog zombies
  A quasit (D:11)
  2 hounds
  4 centaur skeletons
  11 orc priests
  4 jellies
  12 orc wizards
  2 bullfrog skeletons
  An iguana (D:9)
  Natasha (thrice) (D:3)
  12 hell rats
  9 worker ants
  6 ogre zombies
  3 hound skeletons
  4 worker ant zombies
  6 gnolls
  9 adders
  4 shadow imps
  4 oozes (Lair:6)
  An adder skeleton (D:6)
  6 worms
  2 dart slugs
  6 leopard geckos
  51 orcs
  8 giant cockroaches
  5 goblins
  6 hobgoblins
  17 jackals
  11 kobolds
  9 quokkas
  A ball python (D:2)
  A ball python skeleton (D:3)
  4 bats
  9 frilled lizards
  A goblin skeleton (D:10)
  3 goblin zombies (D:10)
  A hobgoblin skeleton (D:10)
  A hobgoblin zombie (D:10)
  A jackal skeleton (D:4)
  4 orc skeletons (D:10)
  9 orc zombies (D:10)
  10 rats
697 creatures vanquished.

Vanquished Creatures (collateral kills)
  A hippogriff (Lair:5)
  A wyvern (Lair:5)
2 creatures vanquished.

Vanquished Creatures (others)
  A hell rat (Lair:6)
  12 fungi
  13 plants
26 creatures vanquished.

Grand Total: 725 creatures vanquished

Notes
Turn   | Place    | Note
-------+----------+-------------------------------------------
     0 | D:1      | Gorice the Demonspawn Wanderer began the quest for the Orb.
     0 | D:1      | Gorice set off with: a +2 short sword, 2 scrolls of teleportation {!r}, a +0 robe, a ration
     0 | D:1      | Reached XP level 1. HP: 15/15 MP: 1/1
   260 | D:1      | Reached skill level 2 in Fighting
   285 | D:1      | Gained mutation: You are partially covered in sharp spines. [demonic ancestry]
   285 | D:1      | Reached XP level 2. HP: 22/22 MP: 2/2
   984 | D:1      | Reached skill level 3 in Fighting
   990 | D:1      | Reached XP level 3. HP: 29/29 MP: 3/3
  1486 | D:2      | Gained mutation: You are slightly more attuned to the shadows. [demonic ancestry]
  1486 | D:2      | Reached XP level 4. HP: 30/37 MP: 4/4
  1541 | D:2      | Reached skill level 4 in Fighting
  1611 | D:2      | Reached skill level 1 in Armour
  2120 | D:3      | Noticed Klosterheim's ghost (amateur NaWr)
  2151 | D:3      | Killed Klosterheim's ghost
  2151 | D:3      | Reached skill level 2 in Armour
  2151 | D:3      | Gained mutation: You are significantly more attuned to the shadows. [demonic ancestry]
  2151 | D:3      | Reached XP level 5. HP: 17/43 MP: 5/5
  2274 | D:3      | Noticed Natasha
  2281 | D:3      | Killed Natasha
  2281 | D:3      | Reached skill level 5 in Fighting
  2282 | D:3      | Found a shadowy altar of Dithmenos.
  2358 | D:3      | Noticed Natasha
  2372 | D:3      | Killed Natasha
  2372 | D:3      | Gained mutation: You have a pair of small antennae on your head. [demonic ancestry]
  2372 | D:3      | Reached XP level 6. HP: 39/51 MP: 6/6
  2571 | D:3      | Found a glowing drain.
  2584 | Sewer    | Entered a sewer
  2688 | Sewer    | Noticed Purgy
  2711 | Sewer    | Killed Purgy
  2711 | Sewer    | Reached skill level 3 in Armour
  3010 | D:3      | Noticed Natasha
  3021 | D:3      | Killed Natasha
  3096 | D:3      | Found a hide-covered altar of Uskayaw.
  3304 | D:3      | Reached skill level 6 in Fighting
  3304 | D:3      | Gained mutation: You are completely attuned to the shadows. [demonic ancestry]
  3304 | D:3      | Reached XP level 7. HP: 58/58 MP: 7/7
  3459 | D:4      | Reached skill level 4 in Armour
  3529 | D:4      | HP: 16/58 [ogre/giant spiked club (11)]
  3540 | D:4      | HP: 12/58 [ogre/giant spiked club (6)]
  3545 | D:4      | HP: 12/58 [ogre/giant spiked club (10)]
  4053 | D:5      | Entered Level 5 of the Dungeon
  4431 | D:5      | Found a stormy altar of Qazlal.
  4431 | D:5      | Found a snail-covered altar of Cheibriados.
  4487 | D:5      | Reached skill level 1 in Long Blades
  4593 | D:5      | Found a burning altar of Makhleb.
  4676 | D:5      | Reached skill level 2 in Long Blades
  4880 | D:5      | Reached skill level 5 in Armour
  4880 | D:5      | Gained mutation: You are mostly covered in sharp spines. [demonic ancestry]
  4880 | D:5      | Reached XP level 8. HP: 65/65 MP: 8/8
  5034 | D:6      | Found a shimmering altar of Xom.
  5071 | D:6      | Reached skill level 3 in Long Blades
  5089 | D:6      | Found a staircase to the Ecumenical Temple.
  5127 | Temple   | Entered the Ecumenical Temple
  5360 | Temple   | Became a worshipper of Warmaster Okawaru
  5695 | D:6      | Reached skill level 4 in Long Blades
  5697 | D:6      | Reached * piety under Okawaru
  5729 | D:6      | Found a sacrificial altar of Ru.
  5732 | D:6      | Reached skill level 5 in Long Blades
  5984 | D:7      | Reached skill level 6 in Armour
  6013 | D:7      | Noticed Duvessa
  6014 | D:7      | Noticed Dowan
  6240 | D:7      | You fall through a shaft!
  6458 | D:8      | Noticed Mgcat's ghost (novice HOBe)
  6497 | D:8      | Killed Mgcat's ghost
  6497 | D:8      | Reached ** piety under Okawaru
  6497 | D:8      | Reached skill level 6 in Long Blades
  6497 | D:8      | Reached XP level 9. HP: 44/71 MP: 6/9
  6562 | D:7      | Killed Duvessa
  6567 | D:7      | Killed Dowan
  6572 | D:7      | Reached skill level 7 in Long Blades
  6747 | D:7      | Reached skill level 1 in Invocations
  6804 | D:7      | Found a glowing golden altar of the Shining One.
  6890 | D:7      | Found a sacrificial altar of Ru.
  6941 | D:7      | Reached skill level 7 in Armour
  7071 | D:7      | Reached skill level 2 in Invocations
  7570 | D:8      | Found a stormy altar of Qazlal.
  7673 | D:8      | Found a radiant altar of Vehumet.
  8041 | D:9      | Reached skill level 8 in Long Blades
  8101 | D:9      | Found a transporter.
  8329 | D:9      | Reached *** piety under Okawaru
  8365 | D:9      | Gained mutation: You are completely covered in sharp spines. [demonic ancestry]
  8365 | D:9      | Reached XP level 10. HP: 62/77 MP: 8/11
  8377 | D:9      | Reached skill level 9 in Long Blades
  8390 | D:9      | Reached skill level 8 in Armour
  8472 | D:9      | Noticed a two-headed ogre
  8482 | D:9      | Killed a two-headed ogre
  8482 | D:9      | Reached **** piety under Okawaru
  9439 | D:10     | Entered Level 10 of the Dungeon
  9535 | D:10     | Found a staircase to the Orcish Mines.
  9551 | D:10     | Reached skill level 10 in Long Blades
  9553 | D:10     | Paralysed by fainting for 11 turns
 10076 | D:10     | Received a gift from Okawaru
 10357 | D:10     | Found a staircase to the Lair.
 10575 | Lair:1   | Entered Level 1 of the Lair of Beasts
 10683 | Lair:1   | Noticed a four-headed hydra
 10707 | Lair:1   | Killed a four-headed hydra
 10707 | Lair:1   | Reached skill level 9 in Armour
 10738 | Lair:1   | Reached ***** piety under Okawaru
 10738 | Lair:1   | Gained mutation: You have a pair of antennae on your head. [demonic ancestry]
 10738 | Lair:1   | Reached XP level 11. HP: 52/83 MP: 8/12
 11126 | Lair:1   | Reached skill level 11 in Long Blades
 11195 | Lair:1   | Noticed a five-headed hydra
 11204 | Lair:1   | Killed a five-headed hydra
 11249 | Lair:1   | HP: 24/83 [poisoned by a spiny frog]
 11254 | Lair:1   | HP: 22/83 [poisoned by a spiny frog]
 11260 | Lair:1   | HP: 19/83 [poisoned by a spiny frog]
 11266 | Lair:1   | HP: 17/83 [poisoned by a spiny frog]
 11273 | Lair:1   | HP: 17/83 [poisoned by a spiny frog]
 11281 | Lair:1   | HP: 17/83 [poisoned by a spiny frog]
 12912 | Lair:2   | Noticed an eight-headed hydra
 12921 | Lair:2   | Killed an eight-headed hydra
 12933 | Lair:2   | Reached skill level 12 in Long Blades
 13133 | Lair:2   | Received a gift from Okawaru
 13142 | Lair:2   | Reached skill level 3 in Invocations
 13149 | Lair:2   | Reached skill level 10 in Armour
 13327 | Lair:2   | HP: 21/83 [spiny frog (5)]
 13752 | Lair:2   | Noticed a death yak
 13752 | Lair:2   | Noticed a six-headed hydra
 13782 | Lair:2   | Killed a death yak
 13782 | Lair:2   | Reached skill level 4 in Invocations
 13791 | Lair:2   | Killed a six-headed hydra
 13868 | Lair:2   | HP: 24/83 [poisoned by a black mamba]
 13873 | Lair:2   | HP: 22/83 [poisoned by a black mamba]
 13878 | Lair:2   | HP: 22/83 [poisoned by a black mamba]
 13885 | Lair:2   | HP: 21/83 [poisoned by a black mamba]
 13893 | Lair:2   | HP: 21/83 [poisoned by a black mamba]
 14392 | Lair:3   | Received a gift from Okawaru
 14401 | Lair:3   | Reached skill level 5 in Invocations
 14432 | Lair:3   | Reached XP level 12. HP: 89/89 MP: 15/15
 14472 | Lair:3   | Noticed a five-headed hydra
 14489 | Lair:3   | Killed a five-headed hydra
 14740 | Lair:3   | Reached skill level 13 in Long Blades
 14828 | Lair:3   | HP: 20/89 [acid (9)]
 14831 | Lair:3   | Reached skill level 6 in Invocations
 15328 | Lair:3   | Noticed a seven-headed hydra
 15338 | Lair:3   | Killed a seven-headed hydra
 15643 | Lair:3   | Reached skill level 7 in Invocations
 15775 | Lair:3   | Got a fine dagger
 15929 | Lair:4   | Found a staircase to the Snake Pit.
 15985 | Lair:4   | Noticed a death yak
 15987 | Lair:4   | Noticed a death yak
 16031 | Lair:4   | Killed a death yak
 16033 | Lair:4   | Noticed a death yak
 16044 | Lair:4   | Killed a death yak
 16054 | Lair:4   | Killed a death yak
 16054 | Lair:4   | Reached skill level 11 in Armour
 16207 | Lair:4   | Found a staircase to the Shoals.
 16282 | Lair:4   | Reached skill level 8 in Invocations
 17177 | Lair:5   | Reached skill level 14 in Long Blades
 17331 | Lair:5   | Noticed Nessos
 17356 | Lair:5   | HP: 26/89 [poisoned by Nessos]
 17358 | Lair:5   | Killed Nessos
 17362 | Lair:5   | HP: 18/89 [poisoned by Nessos]
 17368 | Lair:5   | HP: 17/89 [poisoned by Nessos]
 17376 | Lair:5   | HP: 17/89 [poisoned by Nessos]
 17640 | Lair:5   | Reached XP level 13. HP: 80/94 MP: 19/19
 18470 | Lair:1   | Upgraded the game from 0.22-a0-433-gd2a9cce to 0.22-a0-439-gac93bac
 18584 | Lair:6   | Entered Level 6 of the Lair of Beasts
 18619 | Lair:5   | HP: 28/94 [poisoned by a spiny frog]
 18625 | Lair:5   | HP: 28/94 [poisoned by a spiny frog]
 18633 | Lair:5   | HP: 28/94 [poisoned by a spiny frog]
 18918 | Lair:6   | Found a white marble altar of Elyvilon.
 19405 | Lair:5   | Reached ****** piety under Okawaru
 20440 | Lair:6   | Reached skill level 15 in Long Blades
 20644 | Lair:6   | Reached skill level 12 in Armour
 21085 | Lair:6   | HP: 28/95 [poisoned by a redback]
 21091 | Lair:6   | HP: 28/95 [poisoned by a redback]
 21099 | Lair:5   | HP: 28/95 [poisoned by a redback]
 21417 | Lair:6   | Received a gift from Okawaru
 21417 | Lair:6   | Reached skill level 7 in Fighting
 21508 | Lair:6   | HP: 28/96 [poisoned by a guardian serpent (bolt of poison)]
 21514 | Lair:6   | HP: 28/96 [poisoned by a guardian serpent (bolt of poison)]
 21522 | Lair:6   | HP: 28/96 [poisoned by a guardian serpent (bolt of poison)]
 21760 | Lair:6   | Found a runed door.
 21899 | Lair:6   | Found a staircase to the Slime Pits.
 22578 | Lair:6   | HP: 27/98 [tyrant leech (13)]
 23246 | Lair:6   | Reached skill level 8 in Fighting
 23246 | Lair:6   | Paralysed by a hornet for 2 turns
 23249 | Lair:6   | Reached XP level 14. HP: 90/105 MP: 17/20
 23724 | D:10     | Reached skill level 16 in Long Blades
 23741 | Orc:1    | Entered Level 1 of the Orcish Mines
 23850 | Orc:1    | Noticed iamserjio's ghost (journeyman VSBe)
 23851 | Orc:1    | Found a roughly hewn altar of Beogh.
 23959 | Orc:1    | Killed iamserjio's ghost
 23982 | Orc:1    | Found a roughly hewn altar of Beogh.
 24017 | Orc:1    | Found Loevy's Antique Armour Shoppe.
 24219 | Orc:1    | Noticed Erolcha
 24228 | Orc:1    | Killed Erolcha
 24228 | Orc:1    | Noticed a stone giant
 24229 | Orc:1    | Found a roughly hewn altar of Beogh.
 24464 | Orc:1    | Killed a stone giant
 24770 | Orc:1    | Found a bloodstained altar of Trog.
 24854 | Orc:2    | Entered Level 2 of the Orcish Mines
 24990 | Orc:2    | Found a staircase to the Elven Halls.
 25046 | Orc:2    | HP: 30/106 [orc warrior/uncursed broad axe (7)]
 25047 | Orc:2    | Received a gift from Okawaru
 25051 | Orc:2    | Got a distressingly furry hat {god gift}
 25075 | Orc:2    | HP: 31/106 [orc warrior/trident (6)]
 25090 | Orc:1    | Identified the +2 hat "Ydeqoog" {+Inv +Fly rC+} (Okawaru gifted it to you on level 2 of the Orcish Mines)
 25440 | Orc:2    | HP: 30/106 [orc knight/bolt (6)]
 25445 | Orc:2    | HP: 12/106 [troll[an orc knight] (6)]
 25452 | Orc:2    | HP: 31/106 [orc priest/divine providence (12)]
 25749 | Orc:2    | Reached skill level 9 in Fighting
 26154 | Orc:2    | Found Limutunagh's Antique Armour Boutique.
 26154 | Orc:2    | Found Nionkij's Book Shoppe.
 26154 | Orc:2    | Found Suat's Jewellery Emporium.
 26155 | Orc:2    | Found Viycait's General Store.
 26349 | Orc:2    | Found Miuty's Assorted Antiques.
 26555 | Orc:2    | Bought a potion of degeneration for 15 gold pieces
 26555 | Orc:2    | Bought an uncursed ring of poison resistance for 300 gold pieces
 26561 | Orc:2    | Bought a cursed ring of loudness for 63 gold pieces
 26561 | Orc:2    | Bought a cursed amulet of inaccuracy for 28 gold pieces
 26909 | D:11     | Found a labyrinth entrance.
 26915 | Lab      | Entered a labyrinth
 27197 | Lab      | Identified the Incunabulum of Augmentations and Necromancy
 27206 | Lab      | Got a shimmering bronze ring
 27220 | Lab      | Identified the ring of Kiunnaus {rElec Int+3} (You found it in a labyrinth)
 27798 | D:11     | Noticed Fannar
 27808 | D:11     | Killed Fannar
 28309 | D:12     | Reached skill level 17 in Long Blades
 29007 | D:13     | Found a basalt altar of Yredelemnul.
 29164 | D:13     | Received a gift from Okawaru
 29209 | D:13     | Reached skill level 10 in Fighting
 29715 | D:13     | Received a gift from Okawaru
 29901 | D:13     | Gained mutation: You have a pair of large antennae on your head. (SInv) [demonic ancestry]
 29901 | D:13     | Reached XP level 15. HP: 79/117 MP: 13/21
 30220 | D:13     | Found a gate to the Vaults.
 30701 | D:14     | Found Toigeyv's Antique Weapon Emporium.
 30882 | D:14     | Reached skill level 11 in Fighting
 30918 | D:13     | HP: 35/118 [phantasmal warrior[a death knight] (12)]
 31224 | D:14     | Reached skill level 18 in Long Blades
 32019 | D:15     | Entered Level 15 of the Dungeon
 32047 | D:15     | Got a bloodstained falchion
 32237 | D:15     | Noticed a fire giant
 32252 | D:15     | Noticed Urug
 32263 | D:15     | Killed Urug
 32333 | D:15     | Noticed Josephine
 32337 | D:15     | Killed Josephine
 32474 | D:15     | Received a gift from Okawaru
 32572 | D:15     | HP: 34/120 [freezing wraith[a death knight] (8)]
 32575 | D:15     | HP: 3/120 [stone giant/large rock (25)]
 32580 | D:15     | HP: 23/120 [centaur/arrow (2)]
 32585 | D:15     | HP: 31/120 [stone giant/large rock (11)]
 32590 | D:15     | HP: 19/120 [stone giant (6)]
 32592 | D:14     | Slain by a stone giant

Vault maps used:
D:1:      dpeg_arrival_ratfight
D:2:      first_ration, grunt_ministairs_10
D:3:      lemuel_coloured_pillars_altar, grunt_dithmenos_smoke,
          cheibrodos_sewer_entry_bend, guppyfry_early_lair_pool, uniq_natasha
D:4:      st_stairs_10, minivault_24
D:5:      makhleb_heckhound_becter, gammafunk_temple_overflow_pools
D:6:      xom_teletrap_fun, lemuel_crystal_altar, minmay_temple_entry_nine_rooms
D:7:      tso_oasis_becter, grunt_ogre_cave, nicolae_ru_path_of_blood,
          uniq_duvessa
D:8:      old_standard_altar, nicolae_qazlal_style_of_elements
D:9:      gammafunk_beogh_shrine
D:10:     erik_lair_orcish_takeover, zombieorc1_lemuel, minmay_misc_feat_chi
D:11:     lab_entry_generic, grunt_decor_clamped, uniq_fannar
D:12:     minivault_8
D:13:     wad_pebble_path, erik_vaults_2, basic_altar
D:14:     roderic_lattice_a, serial_shops, shop_fountains, spider_trap
D:15:     grunt_enter_depths_giant_problem, grunt_decor_resistance, st_stairs_3,
          minmay_pinched_square, uniq_urug, uniq_josephine
Temple:   dshaligram_water_room_temple
Lair:1:   small_statue_intersection
Lair:2:   hangedman_lair_generics_rect
Lair:4:   elwin_shoals_entry_rocks, guppyfry_snake_entry_island,
          bh_autumn_forest_stairs
Lair:5:   minivault_19, uniq_nessos
Lair:6:   hangedman_lair_tendril_chambers, wormcave,
          nicolae_slime_entry_slimehenge, basic_altar
Orc:1:    basic_altar, serial_shops, shop, hangedman_feature_mirror, trog_book,
          uniq_erolcha
Orc:2:    st_orc_rangers, serial_shops, shop
Lab:      nicolae_lab_dead_adventurers, labyrinth_glass_1
Sewer:    sewer_the_crocodile

Skill      XL: |  1  2  3  4  5  6  7  8  9 10 11 12 13 14 15 |
---------------+----------------------------------------------+-----
Fighting       | 2 3 4 5 6 8 10 11 | 11.9
Armour         | 2 3 5 6 7 9 10 11 12 | 12.0
Long Blades    | 2 6 8 10 12 14 15 17 18 | 18.3
Invocations    | 2 5 8 |  8.0
Short Blades   | |  2.6
Staves         | |  1.7
Dodging        | |  1.7
Stealth        | |  1.0
Evocations     | |  1.0

Action                   |  1- 3 |  4- 6 |  7- 9 | 10-12 | 13-15 || total
-------------------------+-------+-------+-------+-------+-------++-------
Melee: Short sword       |    86 |    74 |       |    16 |       ||   176
       Falchion          |       |    58 |   329 |   658 |    83 ||  1128
       Punch             |       |       |     1 |     5 |       ||     6
       Dagger            |       |       |       |    31 |    11 ||    42
       Great sword       |       |       |       |       |   913 ||   913
 Fire: Hunting sling     |       |    11 |    21 |    11 |       ||    43
Throw: Stone             |    26 |    11 |     5 |       |       ||    42
       Tomahawk          |       |       |     2 |    21 |    29 ||    52
       Javelin           |       |       |       |       |     6 ||     6
Invok: Heroism           |       |       |     4 |    10 |    10 ||    24
 Abil: Stop Flying       |       |       |       |       |     1 ||     1
Evoke: Wand              |       |       |       |    19 |     2 ||    21
  Use: Scroll            |     2 |     3 |     7 |     9 |     4 ||    25
       Potion            |       |     1 |     3 |     1 |     3 ||     8
 Stab: Sleeping          |     4 |       |       |       |       ||     4
  Eat: Chunk             |     2 |     6 |    16 |    20 |    34 ||    78
       Ration            |       |       |       |     3 |     4 ||     7
Armor: Robe              |     9 |       |       |       |       ||     9
       Chain mail        |       |    44 |       |       |       ||    44
       Ring mail         |       |     2 |       |       |       ||     2
       Plate armour      |       |    11 |   214 |   335 |   615 ||  1175
Dodge: Dodged            |    39 |    51 |    74 |   194 |   344 ||   702
       Rpst.: Falchion   |       |     3 |    19 |    38 |     5 ||    65
       Great sword       |       |       |       |       |    76 ||    76

Table legend:
 A = Spawn XP
 B = Non-spawn XP
 C = Spawn XP percentage of total XP
 D = Spawn monster count
 E = Non-spawn monster count
 F = Spawn count percentage of total count
 G = Total turns spent on level
                    A         B        C        D         E        F      G
               +---------+---------+-------+---------+---------+-------+---------
         Total |       0 |  133176 |   0.0 |       0 |     699 |   0.0 | 32592
               +---------+---------+-------+---------+---------+-------+---------
           D:1 |       0 |      42 |   0.0 |       0 |      28 |   0.0 |  1131
           D:2 |       0 |     134 |   0.0 |       0 |      25 |   0.0 |  1039
           D:3 |       0 |     443 |   0.0 |       0 |      20 |   0.0 |   951
           D:4 |       0 |     302 |   0.0 |       0 |      12 |   0.0 |   751
           D:5 |       0 |     415 |   0.0 |       0 |      20 |   0.0 |   970
           D:6 |       0 |     887 |   0.0 |       0 |      25 |   0.0 |   901
           D:7 |       0 |    1016 |   0.0 |       0 |      21 |   0.0 |   683
           D:8 |       0 |    1120 |   0.0 |       0 |      12 |   0.0 |  1335
           D:9 |       0 |    3542 |   0.0 |       0 |      42 |   0.0 |  1271
          D:10 |       0 |    1606 |   0.0 |       0 |      39 |   0.0 |  1523
          D:11 |       0 |    3392 |   0.0 |       0 |      22 |   0.0 |   933
          D:12 |       0 |    7562 |   0.0 |       0 |      37 |   0.0 |   947
          D:13 |       0 |   15748 |   0.0 |       0 |      40 |   0.0 |  1695
          D:14 |       0 |   13746 |   0.0 |       0 |      42 |   0.0 |  1228
          D:15 |       0 |   11485 |   0.0 |       0 |      32 |   0.0 |   572
        Lair:1 |       0 |    4199 |   0.0 |       0 |      13 |   0.0 |  1613
        Lair:2 |       0 |    7571 |   0.0 |       0 |      28 |   0.0 |  2302
        Lair:3 |       0 |    8186 |   0.0 |       0 |      36 |   0.0 |  1545
        Lair:4 |       0 |    4694 |   0.0 |       0 |      11 |   0.0 |  1232
        Lair:5 |       0 |   10057 |   0.0 |       0 |      34 |   0.0 |  2813
        Lair:6 |       0 |   21457 |   0.0 |       0 |      78 |   0.0 |  3660
         Orc:1 |       0 |    5586 |   0.0 |       0 |      20 |   0.0 |  1538
         Orc:2 |       0 |    8593 |   0.0 |       0 |      55 |   0.0 |  1200
           Lab |       0 |    1246 |   0.0 |       0 |       1 |   0.0 |   335
         Sewer |       0 |     147 |   0.0 |       0 |       6 |   0.0 |   181
               +---------+---------+-------+---------+---------+-------+---------

Table legend:
 A = Turns spent in this place as a percentage of turns spent in the entire game.
 B = Non-inter-level travel turns spent in this place as a percentage of non-inter-level travel turns spent in the entire game.
 C = Inter-level travel turns spent in this place as a percentage of turns spent in this place.
 D = Turns resting spent in this place as a percentage of non-inter-level travel turns spent in this place.
 E = Turns spent auto-exploring this place as a percentage of non-inter-level travel turns spent in this place.
 F = Non-inter-level travel turns spent in this place divided by the number of levels of this place that you've seen.
                   A       B       C       D       E      F
               +-------+-------+-------+-------+-------+----------------------
         Total | 100.0 | 100.0 |   4.2 |  28.2 |  40.4 | 1200.5
       Dungeon |  48.9 |  48.8 |   4.4 |  17.0 |  48.1 | 1014.9
        Temple |   0.7 |   0.8 |   3.3 |   0.0 |  93.2 | 235.0
          Lair |  40.4 |  40.6 |   3.8 |  44.3 |  32.7 | 2111.7
  Orcish Mines |   8.4 |   8.2 |   6.2 |  23.2 |  35.9 | 1284.5
     Labyrinth |   1.0 |   1.1 |   0.0 |   0.0 |   0.0 | 335.0
         Sewer |   0.6 |   0.6 |   0.0 |   0.0 |   0.0 | 181.0
               +-------+-------+-------+-------+-------+----------------------

Vault maps used:
D:1:      dpeg_arrival_ratfight
D:2:      first_ration, grunt_ministairs_10
D:3:      lemuel_coloured_pillars_altar, grunt_dithmenos_smoke,
          cheibrodos_sewer_entry_bend, guppyfry_early_lair_pool, uniq_natasha
D:4:      st_stairs_10, minivault_24
D:5:      makhleb_heckhound_becter, gammafunk_temple_overflow_pools
D:6:      xom_teletrap_fun, lemuel_crystal_altar, minmay_temple_entry_nine_rooms
D:7:      tso_oasis_becter, grunt_ogre_cave, nicolae_ru_path_of_blood,
          uniq_duvessa
D:8:      old_standard_altar, nicolae_qazlal_style_of_elements
D:9:      gammafunk_beogh_shrine
D:10:     erik_lair_orcish_takeover, zombieorc1_lemuel, minmay_misc_feat_chi
D:11:     lab_entry_generic, grunt_decor_clamped, uniq_fannar
D:12:     minivault_8
D:13:     wad_pebble_path, erik_vaults_2, basic_altar
D:14:     roderic_lattice_a, serial_shops, shop_fountains, spider_trap
D:15:     grunt_enter_depths_giant_problem, grunt_decor_resistance, st_stairs_3,
          minmay_pinched_square, uniq_urug, uniq_josephine
Temple:   dshaligram_water_room_temple
Lair:1:   small_statue_intersection
Lair:2:   hangedman_lair_generics_rect
Lair:4:   elwin_shoals_entry_rocks, guppyfry_snake_entry_island,
          bh_autumn_forest_stairs
Lair:5:   minivault_19, uniq_nessos
Lair:6:   hangedman_lair_tendril_chambers, wormcave,
          nicolae_slime_entry_slimehenge, basic_altar
Orc:1:    basic_altar, serial_shops, shop, hangedman_feature_mirror, trog_book,
          uniq_erolcha
Orc:2:    st_orc_rangers, serial_shops, shop
Lab:      nicolae_lab_dead_adventurers, labyrinth_glass_1
Sewer:    sewer_the_crocodile
